 Dungeon Crawl Stone Soup version 0.29.1-1-gd02db6906a (webtiles) character file.

Game seed: 11312822922147137196

109 BigDaddyOpFi the Chopper (level 4, 0/41 HPs)
             Began as a Hill Orc Monk on Oct 20, 2022.
             Was a Believer of Beogh.
             Slain by an iguana (9 damage)
             ... on level 4 of the Dungeon.
             The game lasted 00:02:37 (3130 turns).

BigDaddyOpFi the Chopper (Hill Orc Monk)            Turns: 3130, Time: 00:02:38

Health: 0/41       AC: 10    Str: 18    XL:     4   Next: 90%
Magic:  4/4        EV:  7    Int: 10    God:    Beogh [**....]
Gold:   109        SH: 10    Dex: 13    Spells: 3/3 levels left

rFire   . . .      SeeInvis +   a - +0 hand axe (vorpal)
rCold   . . .      Faith    .   n - +0 tower shield
rNeg    . . .      Spirit   .   i - +4 ring mail of Lumyhuur {rCorr Str+3}
rPois   .          Reflect  .   (no helmet)
rElec   .          Harm     .   f - +0 cloak
rCorr   +          Rampage  .   (no gloves)
Will    .....                   (no boots)
Stlth   +.........              (no amulet)
HPRegen 0.13/turn               l - ring of see invisible
MPRegen 0.09/turn               (no ring)

@: no status effects
A: no striking features
a: Renounce Religion, Smiting


You were on level 4 of the Dungeon.
You worshipped Beogh.
Beogh was pleased with you.
You visited 1 branch of the dungeon, and saw 4 of its levels.

You collected 109 gold pieces.

Inventory:

Hand Weapons
 a - a +0 vorpal hand axe (weapon)
Armour
 f - a +0 cloak (worn)
 i - the +4 ring mail of Lumyhuur (worn) {rCorr Str+3}
   (You found it on level 2 of the Dungeon)

   Str:       It affects your strength (+3).
   rCorr:     It protects you from acid and corrosion.
 n - a +0 tower shield (worn)
Jewellery
 l - a ring of see invisible (left hand)
Potions
 c - a potion of ambrosia
 e - a potion of resistance
 g - 2 potions of curing
 j - a potion of attraction {unknown}
 k - a potion of lignification {unknown}
 m - a potion of might {unknown}


   Skills:
 + Level 4.4 Fighting
 + Level 5.0 Axes
 + Level 2.1 Armour
 + Level 3.1 Dodging
 - Level 1.5 Stealth


You had 3 spell levels left.
You didn't know any spells.
Your spell library contained the following spells:

 Spells                   Type           Power      Damage    Failure   Level
 Slow                     Hex            0%         N/A       100%        1
 Confusing Touch          Hex            0%         N/A       100%        3
 Gell's Gravitas          Tloc           0%         N/A       100%        3
 Lesser Beckoning         Tloc           0%         N/A       100%        3
 Teleport Other           Tloc           0%         N/A       100%        3
 Vampiric Draining        Necr           0%         2d6       100%        3


Dungeon Overview and Level Annotations

Branches:
Dungeon (4/15)
 Temple: D:4-7

Altars:
Ashenzari
Elyvilon
Fedhas

Shops:
D:2 [   D:3 (


Message History

The iguana bites you but does no damage.
You hit the iguana but do no damage.
The iguana is moderately wounded.
You block the iguana's attack.
You completely miss the iguana.
The iguana is moderately wounded.
The iguana bites you! You block the iguana's attack.
You hit the iguana.
The iguana is heavily wounded.
You block the iguana's attack.
You slash the iguana!
The iguana is almost dead.
The iguana bites you. x2
You barely miss the iguana.
The iguana is almost dead.
The iguana bites you.
You are too injured to fight recklessly!
You are too injured to fight recklessly!
You are too injured to fight recklessly!
You are too injured to fight recklessly!
You are too injured to fight recklessly!
You are too injured to fight recklessly!
You are too injured to fight recklessly!
You are too injured to fight recklessly!
You are too injured to fight recklessly!
You are too injured to fight recklessly!
You are too injured to fight recklessly!
You hit the iguana but do no damage.
The iguana is almost dead.
The iguana bites you but does no damage. x2
You hit the iguana but do no damage.
The iguana is almost dead.
The iguana bites you.
* * * LOW HITPOINT WARNING * * *
You hit the iguana but do no damage.
The iguana is almost dead.
You block the iguana's attack. The iguana bites you!
* * * LOW HITPOINT WARNING * * *
You feel better. The iguana bites you!
You die...

###
###.###
##.....##
#.<.@l..#
#........#
#.......##
#.......#
#......##
#....###
##..##
..##


You could see an iguana.

Vanquished Creatures
  A jelly (D:3)
  An adder (D:3)
  A worm (D:2)
  4 dart slugs
  2 orcs
  5 bats
  10 endoplasms
  3 giant cockroaches (D:1)
  4 goblins
  3 hobgoblins
  4 jackals (D:2)
  A quokka (D:1)
  2 ball pythons
  2 frilled lizards
  8 kobolds
  5 rats
56 creatures vanquished.

Vanquished Creatures (others)
  A ball python (D:2)
1 creature vanquished.

Grand Total: 57 creatures vanquished

Notes
Turn   | Place    | Note
-------+----------+-------------------------------------------
     0 | D:1      | BigDaddyOpFi the Hill Orc Monk began the quest for the Orb.
     0 | D:1      | Reached XP level 1. HP: 19/19 MP: 1/1
   263 | D:1      | Reached XP level 2. HP: 18/27 MP: 2/2
   626 | D:1      | Reached skill level 1 in Armour
   670 | D:1      | Found a faded altar of an unknown god.
   724 | D:1      | Reached XP level 3. HP: 31/33 MP: 3/3
  1765 | D:2      | Identified the +4 ring mail of Lumyhuur {rCorr Str+3}
  2045 | D:2      | Became a worshipper of Beogh the Brigand
  2045 | D:2      | Reached * piety under Beogh
  2045 | D:2      | Reached ** piety under Beogh
  2057 | D:2      | Reached XP level 4. HP: 24/39 MP: 4/4
  2348 | D:2      | Found Enweis's Armour Emporium.
  2633 | D:3      | Found a broken altar of Ashenzari.
  2743 | D:3      | Found Wicvuacw's Weapon Shoppe.
  2772 | D:3      | Found a blossoming altar of Fedhas.
  2807 | D:3      | Reached skill level 5 in Axes
  2855 | D:3      | Found a white marble altar of Elyvilon.
  3130 | D:4      | Slain by an iguana

Illustrated notes

Levels and vault maps discovered:
D:1:      zelgadis_glass_arrival_small, layout_basic,
          chequers_ecumenical_altar_lobes
D:2:      layout_basic, serial_shops, nicolae_shop_hallway_stairs
D:3:      layout_basic, mainiacjoe_overflow_concentric_impassable,
          fedhas_altar_1, elyvilon_altar_1, serial_shops, shop
D:4:      layout_cave_pods, mainiacjoe_overflow_six_doors_small

Skill      XL: |  1  2  3  4 |
---------------+-------------+-----
Armour         | 1 2 |  2.1
Fighting       | 4 |  4.4
Dodging        | 3 |  3.1
Axes           | 5 |  5.0
Stealth        | |  1.5

Action                   |  1- 3 |  4- 6 || total
-------------------------+-------+-------++-------
Melee: Hand axe          |   143 |    43 ||   186
Invok: Convert to Beogh  |     1 |       ||     1
  Use: Scroll            |     5 |     3 ||     8
       Potion            |     1 |     1 ||     2
 Stab: Sleeping          |     4 |     1 ||     5
Armor: Robe              |    40 |       ||    40
       Ring mail         |     3 |    20 ||    23
Dodge: Dodged            |    81 |     7 ||    88
Block: Tower shield      |    20 |    20 ||    40
